Map: Cerulean Fall LE

Players

Lambo - Winner!

  • Race: Zerg Zerg
  • League: Master
  • Spawn Location: 1:00

Krystianer

  • Race: Protoss Protoss
  • League: Grandmaster
  • Spawn Location: 7:00

VOD

Have the link to the VOD?

Description

Time

  • Played on: Jan. 12, 2019, 10:32 a.m.
  • Length: 9:17
Show
View Real Time Build Order
Export as new Build Order

Lambo Zerg - Winner!

Build Orders: Hatch First 

Get SALT Encoding   

  12  0:00  Drone  
  13  0:12  Overlord  
  13  0:17  Drone  
  14  0:30  Drone x2  
  16  0:48  Hatchery  
  15  0:52  Drone  
  15  0:55  Drone  
  17  0:59  Drone  
  18  1:09  Extractor  
  17  1:14  Spawning Pool  
  17  1:18  Drone  
  17  1:21  Drone  
  18  1:27  Drone  
  19  1:38  Drone  
  20  1:49  Overlord  
  20  2:00  Queen x2  
  20  2:01  Zergling x4  
  26  2:11  Drone  
  26  2:12  Drone  
  28  2:21  Drone x2  
  30  2:37  Hatchery  
  30  2:38  Drone  
  30  2:40  Drone  
  31  2:45  Drone  
  32  2:52  Overlord  
  32  2:54  Queen  
  34  3:02  Drone x2  
  36  3:11  Drone x5  
  41  3:15  Overlord  
  41  3:17  Drone  
  41  3:19  Lair  
  42  3:21  Drone  
  42  3:23  Drone  
  44  3:32  Queen  
  44  3:34  Drone x2  
  48  3:38  Roach Warren  
  48  3:39  Drone  
  48  3:42  Extractor  
  48  3:44  Extractor, Drone  
  48  3:47  Drone x2  
  49  3:49  Drone  
  49  3:53  Overlord  
  52  3:55  Drone x2  
  52  3:59  Drone x2  
  54  4:07  Drone x3  
  54  4:08  Overlord  
  57  4:15  Drone x2  
  60  4:17  Drone, Overseer  
  60  4:19  Glial Reconstitution  
  60  4:24  Roach x3  
  66  4:33  Roach x4  
  74  4:39  Overlord  
  74  4:43  Overseer  
  74  4:44  Overlord  
  74  4:46  Overlord  
  74  4:49  Overlord  
  74  4:50  Overlord, Evolution Chamber  
  73  4:56  Overlord  
  73  4:57  Roach x2  
  77  5:04  Roach  
  79  5:07  Drone  
  79  5:08  Drone x3  
  79  5:10  Drone x2  
  79  5:11  Roach, Extractor x2, Drone  
  86  5:16  Overlord, Drone  
  86  5:18  Zerg Missile Weapons Level 1  
  87  5:23  Hydralisk Den  
  87  5:25  Drone x2  
  88  5:29  Drone  
  88  5:30  Drone  
  88  5:31  Roach x2  
  94  5:41  Roach x3  
  100  5:45  Roach  
  100  5:49  Overlord  
  100  5:56  Overlord  
  100  5:57  Overlord x2  
  99  5:59  Roach x5  
  99  6:02  Ravager  
  110  6:05  Ravager  
  110  6:07  Roach x2  
  110  6:08  Overlord  
  110  6:10  Roach x2  
  110  6:11  Roach x3  
  124  6:20  Roach  
  124  6:23  Roach  
  124  6:24  Roach  
  124  6:25  Roach x2  
  134  6:29  Roach x5  
  138  6:37  Roach  
  138  6:38  Roach x3  
  138  6:39  Roach  
  142  6:44  Roach  
  132  6:48  Roach  
  132  6:53  Roach x4  
  138  6:58  Roach  
  133  7:06  Queen  
  133  7:12  Grooved Spines  
  133  7:13  Hydralisk x2  
  137  7:21  Ravager  
  138  7:23  Queen  
  138  7:29  Ravager  
  141  7:34  Metabolic Boost  
  141  7:35  Zergling x16  
  149  7:45  Hydralisk  
  149  7:46  Hydralisk  
  153  7:57  Overlord x2  
  153  7:58  Overlord  
  153  8:00  Ravager  
  153  8:05  Overlord  
  154  8:09  Overlord, Hydralisk  
  154  8:15  Hydralisk x2  
  154  8:16  Hydralisk  
  154  8:17  Hydralisk x3  
  154  8:19  Hydralisk x2  
  170  8:27  Hydralisk x2  
  170  8:31  Hydralisk  
  170  8:32  Zergling x4  
  178  8:36  Hydralisk  
  178  8:40  Hydralisk  
  178  8:41  Zergling x10  
  184  8:45  Hydralisk x2  
  191  8:49  Roach  
Show
View Real Time Build Order
Export as new Build Order

Krystianer Protoss 

Build Orders: Nexus First, Zealot Archon, Archon Drop 

Get SALT Encoding   

  12  0:01  Probe  
  13  0:13  Probe  
  14  0:22  Pylon  
  14  0:25  Probe  
  15  0:36  Probe  
  16  0:44  Probe  
  17  1:03  Nexus  
  17  1:09  Probe, Gateway  
  17  1:17  Probe  
  18  1:22  Assimilator  
  19  1:27  Probe  
  19  1:30  Assimilator  
  20  1:39  Probe  
  21  1:46  Gateway  
  21  1:52  Probe  
  22  1:56  Cybernetics Core  
  22  2:04  Probe  
  22  2:07  Pylon  
  23  2:11  Probe  
  23  2:12  Probe  
  24  2:19  Probe  
  24  2:20  Probe  
  25  2:25  Zealot  
  25  2:29  Probe  
  29  2:35  Warp Gate  
  29  2:36  Stalker  
  32  2:42  Shield Battery  
  32  2:47  Probe  
  32  2:50  Probe  
  34  2:59  Probe  
  34  3:00  Probe  
  34  3:04  Robotics Facility  
  36  3:10  Probe  
  36  3:11  Probe  
  37  3:13  Twilight Council  
  38  3:20  Probe, Assimilator  
  38  3:22  Assimilator  
  38  3:23  Probe  
  40  3:28  Probe  
  40  3:31  Pylon  
  41  3:35  Probe  
  41  3:37  Probe  
  43  3:47  Probe  
  44  3:52  Gateway  
  44  3:54  Gateway  
  44  3:55  Warp Prism  
  44  3:58  Probe  
  44  4:00  Probe  
  48  4:06  Templar Archives  
  48  4:07  Charge  
  48  4:10  Probe  
  48  4:12  Pylon  
  48  4:14  Probe  
  50  4:40  Gateway  
  50  4:41  Gateway  
  50  4:42  Gateway  
  50  4:44  Gateway  
  50  4:50  High Templar x4  
  58  4:54  Pylon  
  58  4:57  Archon x2  
  58  5:14  Nexus  
  58  5:15  Pylon  
  58  5:21  Pylon  
  58  5:23  Zealot  
  58  5:24  Zealot x3  
  66  5:30  Pylon  
  66  5:31  Pylon  
  66  5:40  High Templar x4  
  74  5:45  Archon x2  
  74  5:48  Pylon  
  74  5:51  Pylon  
  74  5:56  Zealot x3  
  80  5:57  Zealot  
  82  6:18  Zealot  
  82  6:19  Zealot x6  
  82  6:22  Zealot  
  76  6:43  Zealot  
  76  6:44  Zealot x2  
  76  6:45  Zealot x3  
  82  6:47  Zealot  
  82  6:50  Zealot  
  62  7:02  Probe  
  62  7:04  High Templar  
  62  7:05  High Templar x3  
  62  7:06  High Templar x2  
  62  7:07  Immortal  
  71  7:11  Archon x2  
  71  7:12  Archon, Zealot  
  71  7:13  Zealot  
  75  7:38  High Templar x2, Zealot x2  
  75  7:39  Zealot x3  
  75  7:40  Zealot  
  75  7:43  Probe, Immortal  
  92  7:46  Archon  
  99  8:03  Sentry  
  98  8:10  Zealot x5  
  108  8:14  Sentry, Zealot  
  112  8:20  Pylon  
  112  8:32  High Templar  
  112  8:33  High Templar  
  116  8:34  Zealot x3  
  116  8:35  Zealot  
  116  8:37  Archon  
  124  8:41  Pylon  
  122  9:05  Zealot x7  
Tags
 
Add a new tag
Caveats
  • Supply blocks, unpowered buildings, or Contaminate may cause inaccurate times.
  • Supply counts are checked every 10 seconds.